 Dungeon Crawl Stone Soup version 0.31-a0-7-g51783674b7 (webtiles) character file.

Game seed: 10691965623483434375

42 BillyBaka the Trooper (level 3, -3/24 HPs)
             Began as a Gargoyle Monk on May 5, 2023.
             Killed by divine providence
             ... invoked by an orc priest
              (9 damage)
             ... on level 3 of the Dungeon.
             The game lasted 00:05:01 (1492 turns).

BillyBaka the Trooper (Gargoyle Monk)               Turns: 1492, Time: 00:05:02

Health: -3/24      AC:  5    Str: 14    XL:     3   Next: 54%
Magic:  3/3        EV: 13    Int: 10    God:
Gold:   98         SH:  0    Dex: 17    Spells: 2/2 levels left

rFire   . . .        a - +0 falchion
rCold   . . .        d - orb {light}
rNeg    + . .        b - +0 robe
rPois   ∞            (no helmet)
rElec   +            (no cloak)
rCorr   .            (no gloves)
SInv    .            (no boots)
Will    .....        p - amulet of the Establishment {Faith -Cast Dex+3 Stlth+}
Stlth   +            (no ring)
HPRegen 0.24/turn    (no ring)
MPRegen 0.08/turn

%: no spellcasting, faith
@: glowing
A: sickness immunity, AC +3, negative energy resistance 1, electricity
resistance, torment resistance 1, petrification resistance
a: no special abilities


You were on level 3 of the Dungeon.
You visited 1 branch of the dungeon, and saw 3 of its levels.

You collected 98 gold pieces.

Inventory:

Hand Weapons
 a - a +0 falchion (weapon)
Armour
 b - a +0 robe (worn)
 d - an orb of light (worn)
Jewellery
 i - a ring of ice
 k - a ring of ice
 p - the amulet of the Establishment (around neck) {Faith -Cast Dex+3 Stlth+}
   (You found it on level 2 of the Dungeon)

   [amulet of faith]

   It allows you to gain divine favour quickly.
   Dex:       It affects your dexterity (+3).
   -Cast:     It prevents spellcasting.
   Stlth:     It makes you more stealthy.
Scrolls
 e - 2 scrolls of fog {unknown}
 f - a scroll of identify {unknown}
 g - a scroll of teleportation {unknown}
 j - 2 scrolls of immolation {unknown}
 l - a scroll of fear {unknown}
 m - a scroll of brand weapon {unknown}
 n - a scroll of silence {unknown}
 o - a scroll of noise {unknown}
 q - a scroll of enchant weapon {unknown}
Potions
 c - a potion of ambrosia
 h - a potion of heal wounds {unknown}
 r - a potion of flight {unknown}
 s - a potion of curing {unknown}


   Skills:
 + Level 3.8 Fighting
 + Level 3.1 Long Blades
 + Level 2.8 Dodging
 + Level 0.5 Stealth
 + Level 0.1 Spellcasting


You had 2 spell levels left.
You didn't know any spells.
Your spell library contained the following spells:

 Spells                   Type           Power      Damage    Failure   Level
 Shock                    Conj/Air       0%         1d3       36%         1
 Swiftness                Air            0%         N/A       75%         3
 Airstrike                Air            0%         2d(0-16)  98%         4


Dungeon Overview and Level Annotations

Branches:
Dungeon (3/15)

Altars:
Ru


Innate Abilities, Weirdness & Mutations

You are immune to sickness and miasma.
Your stone body is resilient. (AC +3)
You are immune to poison.
You resist negative energy. (rN+)
You are resistant to electric shocks. (rElec)
You are resistant to unholy torment.
You are immune to petrification.


Message History

You hit the orc priest.
The orc priest is moderately wounded.
The orc priest closely misses you.
You hit the orc priest.
The orc priest is moderately wounded.
The orc priest hits you with a +0 dagger.
You barely miss the orc priest.
The orc priest is moderately wounded.
The orc priest barely misses you.
The orc priest hits you with a +0 dagger.
You hit the orc priest.
The orc priest is heavily wounded.
The orc priest hits you but does no damage.
You hit the orc priest.
The orc priest is heavily wounded.
The orc priest hits you but does no damage.
You hit the orc priest but do no damage.
The orc priest is heavily wounded.
The orc priest hits you but does no damage.
You hit the orc priest but do no damage.
The orc priest is heavily wounded.
The orc priest barely misses you.
You hit the orc priest.
The orc priest is severely wounded.
The orc priest misses you.
You barely miss the orc priest.
The orc priest is severely wounded.
The orc priest miscasts a cantrip.
You hit the orc priest.
The orc priest is severely wounded.
The orc priest closely misses you.
The orc priest invokes the aid of Beogh against you.
Beogh smites you!
Ouch! That really hurt!
* * * LOW HITPOINT WARNING * * *
You hit the orc priest but do no damage.
The orc priest is severely wounded.
The orc priest invokes the aid of Beogh against you.
Beogh smites you!
You die...

...###### ####.####### ..#
#.#.....# # # #.#
#####.#.##### #
#.#.##.#####.....#...### #
#......†).....#.##.....# #
###.##.#####.###.#.....# #
##.## #.## ##......#### #
#...# ##.###..........# #
#...# ##@#..#####.##.# #...#
##o#.# #....# #...# ##.#.#
##.####### #####...#####.#..#
##........#
.............###.###.........#
............## #.............#
.......^..o..###.##..........#
#####...#####.#..##.#........#
#...# ##.#....#.########


You could see an orc priest.

Vanquished Creatures
  2 orcs (D:3)
  4 bats
  A giant cockroach (D:2)
  3 goblins
  5 hobgoblins
  4 kobolds
  A quokka (D:1)
  9 ball pythons
  3 frilled lizards
  6 rats
38 creatures vanquished.

Notes
Turn   | Place    | Note
-------+----------+-------------------------------------------
     0 | D:1      | BillyBaka the Gargoyle Monk began the quest for the Orb.
     0 | D:1      | Reached XP level 1. HP: 14/14 MP: 1/1
   161 | D:1      | Reached XP level 2. HP: 13/19 MP: 2/2
   648 | D:2      | Reached XP level 3. HP: 24/24 MP: 3/3
   854 | D:2      | Identified the amulet of the Establishment {Faith -Cast
                  | Dex+3 Stlth+}
   958 | D:2      | Found a faded altar of an unknown god.
  1321 | D:3      | Found a sacrificial altar of Ru.
  1492 | D:3      | Killed from afar by an orc priest

Illustrated notes

Levels and vault maps discovered:
D:1:      dpeg_arrival_castle, layout_rooms, minmay_misc_feat_iff
D:2:      layout_loops_ring, shapermc_ecumenical_altar_notcrosses,
          chequers_jeans, minmay_tromino_v4_c
D:3:      layout_loops_cross, mainiacjoe_overflow_small_starburst,
          dk_noncrumbling_4, grunt_ministairs_11, kennysheep_generic_room_9

Skill      XL: |  1  2 |
---------------+-------+-----
Long Blades    | 3 |  3.1
Fighting       | |  3.8
Dodging        | |  2.8
Stealth        | |  0.5
Spellcasting   | |  0.1

Action                     || total
---------------------------++-------
  Melee: Falchion          ||    97
   Stab: Sleeping          ||     1
 Armour: Robe              ||    35
  Dodge: Dodged            ||    72

Table legend: (Time is in decaauts)
 A = Elapsed time spent in this place.
 B = Non-inter-level travel time spent in this place.
 C = Inter-level travel time spent in this place.
 D = Time resting spent in this place.
 E = Time spent auto-exploring this place.
 F = Levels seen in this place.
 G = Mean time per level.
                   A        B        C        D        E       F      G
               +--------+--------+--------+--------+--------+-----+--------+
         Total |   1508 |   1407 |    101 |    121 |   1007 |   3 |  502.7 |
       Dungeon |   1508 |   1407 |    101 |    121 |   1007 |   3 |  502.7 |
               +--------+--------+--------+--------+--------+-----+--------+

Top non-repeatable levels by time:
     D:2: 817 daAuts
     D:1: 496 daAuts
     D:3: 194 daAuts
